 Dungeon Crawl Stone Soup version 0.30.1-4-g462c640d31 (webtiles) character file.

Game seed: 5688874825694785340

70 Graphine the Grave Robber (level 4, 0/30 HPs)
             Began as a Human Necromancer on Sept 9, 2023.
             Slain by a gnoll bouda
             ... wielding a +0 whip
              (9 damage)
             ... on level 1 of the Dungeon.
             The game lasted 00:05:03 (1398 turns).

Graphine the Grave Robber (Human Necromancer)       Turns: 1398, Time: 00:05:04

Health: 0/30       AC:  3    Str: 10    XL:     4   Next: 44%
Magic:  5/7        EV: 12    Int: 16    God:
Gold:   25         SH:  3    Dex: 13    Spells: 4/8 levels left

rFire   . . .        h - +0 club
rCold   . . .        m - +0 buckler
rNeg    . . .        a - +0 robe
rPois   .            (no helmet)
rElec   .            j - +0 cloak
rCorr   .            (no gloves)
SInv    .            (no boots)
Will    .....        (no amulet)
Stlth   ++           (no ring)
HPRegen 0.25/turn    (no ring)
MPRegen 0.10/turn

%: no passive effects
@: weakened
A: no striking features
a: no special abilities


You were on level 1 of the Dungeon.
You visited 1 branch of the dungeon, and saw 2 of its levels.

You collected 25 gold pieces.

Inventory:

Hand Weapons
 f - a +0 sling
 h - a +0 club (weapon)
Armour
 a - a +0 robe (worn)
 j - a +0 cloak (worn)
 m - a +0 buckler (worn)
Jewellery
 n - a ring of flight
Wands
 p - a wand of paralysis (7)
Scrolls
 e - a scroll of amnesia {unknown}
 g - a scroll of magic mapping {unknown}
 i - a scroll of immolation {unknown}
 l - a scroll of butterflies {unknown}
 o - a scroll of blinking {unknown}
Potions
 c - a potion of ambrosia
 k - a potion of cancellation


   Skills:
 + Level 1.4 Maces & Flails
 + Level 2.7 Dodging
 - Level 2.0 Stealth
 + Level 2.6 Spellcasting
 + Level 4.4 Necromancy


You had 4 spell levels left.
You knew the following spells:

 Your Spells              Type           Power      Damage    Failure   Level
a - Necrotise             Necr           64%        1d7       4%          1
b - Vampiric Draining     Necr           16%        2d7       14%         3

Your spell library contained the following spells:

 Spells                   Type           Power      Damage    Failure   Level
 Animate Dead             Necr           16%        N/A       43%         4
 Agony                    Necr           16%        N/A       78%         5


Dungeon Overview and Level Annotations

Branches:
Dungeon (2/15)

Altars:


Message History

The gnoll bouda is lightly wounded.
The gnoll bouda barely misses you. The gnoll closely misses you.
The gnoll bouda closely misses you.
You hit the gnoll bouda.
The gnoll bouda is moderately wounded.
The gnoll hits you from afar with a +0 spear.
The gnoll bouda gazes fiercely through you!
You feel your attacks grow feeble.
The gnoll bouda hits you with a +0 whip.
The gnoll closely misses you.
Your kobold skeleton hits the gnoll bouda but does no damage.
The gnoll bouda hits you with a +0 whip.
* * * LOW HITPOINT WARNING * * *
A mysterious force pulls you upwards. The hatch slams shut behind you.
Your mindless puppet stays behind to rot.
Magic courses through your body. You block the gnoll bouda's attack.
Okay, then.
Casting: Necrotise (safe; 4% risk of failure)
Confirm with . or Enter, or press ? or * to list all spells.
Aiming: Necrotise (safe; 4% risk of failure)
Press: ? - help, Shift-Dir - straight line, f - gnoll bouda
Aim: a gnoll bouda, wielding a +0 whip and wearing a +0 leather armour (moderately wounded, chance to affect: 73%)
The gnoll bouda struggles to resist.
The gnoll bouda closely misses you.
Casting: Necrotise (safe; 4% risk of failure)
Confirm with . or Enter, or press ? or * to list all spells.
Aiming: Necrotise (safe; 4% risk of failure)
Press: ? - help, Shift-Dir - straight line, f/p - gnoll bouda
Aim: a gnoll bouda, wielding a +0 whip and wearing a +0 leather armour (moderately wounded, chance to affect: 73%)
The gnoll bouda struggles to resist.
The gnoll bouda gazes fiercely through you!
You feel as though you will be weak longer.
The gnoll bouda closely misses you.
Casting: Necrotise (safe; 4% risk of failure)
Confirm with . or Enter, or press ? or * to list all spells.
Aiming: Necrotise (safe; 4% risk of failure)
Press: ? - help, Shift-Dir - straight line, f/p - gnoll bouda
Aim: a gnoll bouda, wielding a +0 whip and wearing a +0 leather armour (moderately wounded, chance to affect: 73%)
The gnoll bouda writhes in agony.
The gnoll bouda hits you with a +0 whip!
You die...

.P.# ####### #.........#
########## #....P# ###.......#
.........# ##############.....#.#
.###..#..# #...........###...##.#
.# ##.#.## #.#.........# ##......
.# #....###..).......####...##.#
.####.......'.........'..........
.........####.........####...##.#
#####.#.## ##.g@....## ##.###.#
##.### ##.....## #####.# #....#
##...## #..# #....# ##+## #.##
#....# #.# #.# #####.#### #.# #.#
#........#######.## #.#
#.###.#..)...##.).## #.# #.#
#.#..###.#.....# ###.#


You could see a gnoll bouda.

Vanquished Creatures
  2 gnolls (D:2)
  An adder (D:2)
  2 dart slugs (D:2)
  A bat (D:2)
  An endoplasm (D:1)
  A giant cockroach (D:1)
  3 goblins
  3 hobgoblins
  2 kobolds
  3 ball pythons (D:1)
  A frilled lizard (D:1)
  4 rats
24 creatures vanquished.

Vanquished Creatures (collateral kills)
  A gnoll (D:2)
  An endoplasm (D:2)
  A giant cockroach (D:2)
  A goblin (D:2)
4 creatures vanquished.

Grand Total: 28 creatures vanquished

Notes
Turn   | Place    | Note
-------+----------+-------------------------------------------
     0 | D:1      | Graphine the Human Necromancer began the quest for the Orb.
     0 | D:1      | Reached XP level 1. HP: 13/13 MP: 3/3
    88 | D:1      | Found a faded altar of an unknown god.
   370 | D:1      | Reached XP level 2. HP: 19/19 MP: 0/5
  1218 | D:2      | Reached XP level 3. HP: 24/24 MP: 4/6
  1222 | D:2      | Learned a level 3 spell: Vampiric Draining
  1321 | D:2      | Reached skill level 1 in Maces & Flails
  1358 | D:2      | Reached XP level 4. HP: 19/30 MP: 2/7
  1398 | D:1      | Slain by a gnoll bouda

Illustrated notes

Levels and vault maps discovered:
D:1:      dpeg_arrival_radiant, layout_loops_corners, serial_aquarium,
          aquarium_bridge_long_joined [aquarium_subvault_bridge,
          aquarium_subvault_wall, aquarium_subvault_bridge,
          aquarium_subvault_window, aquarium_subvault_window,
          aquarium_subvault_bridge], aquarium_window_1, aquarium_window_corner,
          aquarium_window_2, aquarium_view_2d, aquarium_view_2c,
          ebering_ecumenical_altar_petrified
D:2:      layout_rooms, serial_shops, shop

Skill      XL: |  1  2  3 |
---------------+----------+-----
Maces & Flails | 1 |  1.4
Dodging        | |  2.7
Stealth        | |  2.0
Spellcasting   | |  2.6
Necromancy     | |  4.4

Action                     |  1- 3 |  4- 6 || total
---------------------------+-------+-------++-------
  Melee: Unarmed           |     2 |       ||     2
         Club              |    11 |     7 ||    18
   Fire: Sling             |     6 |       ||     6
   Cast: Necrotise         |    37 |     9 ||    46
  Evoke: Wand              |     1 |       ||     1
    Use: Scroll            |     4 |       ||     4
         Potion            |       |     1 ||     1
   Stab: Sleeping          |     1 |       ||     1
 Armour: Robe              |     5 |     1 ||     6
  Dodge: Dodged            |    14 |    11 ||    25
  Block: Buckler           |     3 |     2 ||     5
